[ AOE2 MATCH · #470460472 ]
UnrankedSlavs vs Vietnamese
[ REPLAY ANALYSIS · EXTRACTED FROM THE RECORDED GAME ]
Feudal
10:56
Castle
15:23
Imperial
33:02
| APM avg | 51.1 |
| APM peak | 88 |
| eAPM avg | 25.0 |
| Villagers / military | 160 / 205 |
Focus
⚔️ 26.0% · 🌾 74.0%
Spearman ×100 · Knight ×61 · Boyar ×37 · Monk ×5 · Mangonel ×2 · Trade Cart ×1
Feudal
10:35
Castle
14:09
Imperial
32:00
| APM avg | 36.4 |
| APM peak | 87 |
| eAPM avg | 19.3 |
| Villagers / military | 160 / 119 |
Focus
⚔️ 33.6% · 🌾 66.4%
Skirmisher ×60 · Archer ×36 · Bombard Cannon ×13 · Battle Elephant ×6 · Cavalry Archer ×3 · Monk ×1
Feudal
13:12
Castle
16:56
Imperial
21:23
| APM avg | 36.7 |
| APM peak | 109 |
| eAPM avg | 16.3 |
| Villagers / military | 72 / 100 |
Focus
⚔️ 32.2% · 🌾 67.8%
Hand Cannoneer ×85 · Bombard Cannon ×14 · Monk ×1
Feudal
10:31
Castle
14:34
Imperial
40:08
| APM avg | 41.4 |
| APM peak | 87 |
| eAPM avg | 24.9 |
| Villagers / military | 158 / 207 |
Focus
⚔️ 37.3% · 🌾 62.7%
Camel Scout ×207
Feudal
11:12
Castle
14:14
Imperial
29:22
| APM avg | 32.4 |
| APM peak | 64 |
| eAPM avg | 26.6 |
| Villagers / military | 204 / 257 |
Focus
⚔️ 40.6% · 🌾 59.4%
Battle Elephant ×121 · Scout Cavalry ×78 · Scorpion ×42 · Battering Ram ×13 · Monk ×3
Feudal
11:00
Castle
14:32
Imperial
27:55
| APM avg | 76.0 |
| APM peak | 137 |
| eAPM avg | 53.8 |
| Villagers / military | 160 / 258 |
Focus
⚔️ 68.7% · 🌾 31.3%
Spearman ×161 · Arambai ×82 · Bombard Cannon ×15
Feudal
14:21
Castle
17:58
Imperial
31:31
| APM avg | 30.9 |
| APM peak | 72 |
| eAPM avg | 15.1 |
| Villagers / military | 116 / 120 |
Focus
⚔️ 36.1% · 🌾 63.9%
Cavalry Archer ×107 · Tarkan ×11 · Mangonel ×1 · Battering Ram ×1
Feudal
11:22
Castle
15:12
Imperial
32:36
| APM avg | 31.8 |
| APM peak | 84 |
| eAPM avg | 14.4 |
| Villagers / military | 75 / 59 |
Focus
⚔️ 28.6% · 🌾 71.4%
Mangudai ×56 · Battering Ram ×2 · Mangonel ×1
Match map
Initial resources + every placement click. Lines = walls · curves = elevation contours. ◆ gold · ⬟ stone · ● berries · ✦ relic · ◌ wall gap
Your base· ✓ Closed at 15:23 · 0t walls · 3 gate(s)
Veci's base· ✓ Closed at 14:09 · 0t walls · 3 gate(s)
.Spina's base· ✓ Closed at 16:56 · 0t walls · 2 gate(s)
Caronte's base· ✓ Closed at 14:34 · 0t walls · 2 gate(s)
名字丶好怂's base· ✓ Closed at 14:14 · 8t walls · 7 gate(s)
Viktor Dufka's base· ✓ Closed at 14:32 · 0t walls · 2 gate(s)
闲农's base· ✓ Closed at 17:58 · 17t walls · 3 gate(s)
feshark's base· ✓ Closed at 15:12 · 0t walls · 6 gate(s)
Smoothed initial terrain · ◌ = detected wall gap · hover for details
Inputs per minute
— MarcusBrody - - Veci
Build order — MarcusBrody
First 150 of 434 actions detected
| 0:01 | Create | Villager (Male) |
| 0:02 | Build | House |
| 0:03 | Build | House |
| 0:04 | Create | Villager (Male) |
| 0:05 | Create | Villager (Male) |
| 0:10 | Create | Villager (Male) |
| 1:30 | Create | Villager (Male) |
| 1:52 | Build | Lumber Camp |
| 2:00 | Create | Villager (Male) |
| 2:22 | Create | Villager (Male) |
| 2:48 | Create | Villager (Male) |
| 3:19 | Create | Villager (Male) |
| 3:36 | Create | Villager (Male) |
| 3:59 | Build | House |
| 4:11 | Create | Villager (Male) |
| 4:25 | Build | Mill |
| 4:34 | Create | Villager (Male) |
| 4:38 | Create | Villager (Male) |
| 5:01 | Create | Villager (Male) |
| 5:32 | Create | Villager (Male) |
| 5:33 | Create | Villager (Male) |
| 5:58 | Build | House |
| 5:58 | Create | Villager (Male) |
| 6:08 | Create | Villager (Male) |
| 6:22 | Build | House |
| 6:31 | Create | Villager (Male) |
| 6:53 | Create | Villager (Male) |
| 6:57 | Build | House |
| 7:00 | Create | Villager (Male) |
| 7:07 | Create | Villager (Male) |
| 7:12 | Build | Farm |
| 7:18 | Build | Mill |
| 7:28 | Create | Villager (Male) |
| 7:48 | Create | Villager (Male) |
| 7:52 | Build | Mining Camp |
| 8:23 | Create | Villager (Male) |
| 8:37 | Research | Feudal Age |
| 8:58 | Build | Farm |
| 10:49 | Create | Villager (Male) |
| 10:56 | Create | Villager (Male) |
| 10:56 | Age | Feudal Age |
| 10:59 | Build | Market |
| 11:02 | Build | Blacksmith |
| 11:38 | Build | House |
| 11:53 | Create | Villager (Male) |
| 11:58 | Research | Loom |
| 12:33 | Research | Castle Age |
| 13:04 | Research | Double-Bit Axe |
| 13:04 | Research | Double-Bit Axe |
| 13:39 | Research | Horse Collar |
| 13:39 | Research | Horse Collar |
| 13:42 | Build | Farm |
| 13:45 | Build | Farm |
| 13:45 | Build | Farm |
| 13:51 | Create | Villager (Male) |
| 15:20 | Create | Villager (Male) |
| 15:23 | Age | Castle Age |
| 15:25 | Build | Town Center |
| 15:27 | Create | Villager (Male) |
| 15:30 | Research | Bow Saw |
| 15:30 | Research | Bow Saw |
| 15:31 | Create | Villager (Male) |
| 15:37 | Create | Trade Cart |
| 15:47 | Build | Town Center |
| 15:50 | Create | Villager (Male) |
| 16:00 | Build | Farm |
| 16:01 | Create | Villager (Male) |
| 16:04 | Build | Farm |
| 16:14 | Create | Villager (Male) |
| 16:23 | Build | Farm |
| 16:25 | Create | Villager (Male) |
| 16:32 | Create | Villager (Male) |
| 16:40 | Create | Villager (Male) |
| 16:41 | Create | Villager (Male) |
| 16:45 | Build | Monastery |
| 16:46 | Create | Villager (Male) |
| 16:59 | Build | Farm |
| 16:59 | Create | Villager (Male) |
| 17:02 | Build | Farm |
| 17:13 | Create | Villager (Male) |
| 17:14 | Create | Villager (Male) |
| 17:16 | Build | Farm |
| 17:23 | Create | Villager (Male) |
| 17:25 | Build | Farm |
| 17:31 | Create | Villager (Male) |
| 17:34 | Create | Monk |
| 17:41 | Create | Villager (Male) |
| 17:49 | Create | Villager (Male) |
| 17:52 | Build | Farm |
| 17:53 | Build | Farm |
| 17:57 | Build | Farm |
| 17:58 | Create | Villager (Male) |
| 18:03 | Build | Farm |
| 18:06 | Create | Villager (Male) |
| 18:10 | Create | Villager (Male) |
| 18:15 | Build | Farm |
| 18:16 | Create | Villager (Male) |
| 18:20 | Build | Farm |
| 18:20 | Create | Villager (Male) |
| 18:37 | Create | Villager (Male) |
| 18:38 | Create | Villager (Male) |
| 18:40 | Build | Farm |
| 18:43 | Build | Farm |
| 18:52 | Create | Monk |
| 18:57 | Create | Villager (Male) |
| 18:58 | Create | Villager (Male) |
| 19:04 | Build | Barracks |
| 19:16 | Build | House |
| 19:20 | Build | House |
| 19:21 | Build | House |
| 19:22 | Build | House |
| 19:26 | Create | Villager (Male) |
| 19:29 | Research | Wheelbarrow |
| 19:31 | Build | Farm |
| 19:38 | Create | Villager (Male) |
| 19:51 | Create | Villager (Male) |
| 20:06 | Create | Villager (Male) |
| 20:07 | Create | Villager (Male) |
| 20:17 | Create | Villager (Male) |
| 20:18 | Create | Villager (Male) |
| 20:21 | Build | Farm |
| 20:22 | Create | Villager (Male) |
| 20:32 | Build | Stable |
| 20:32 | Create | Villager (Male) |
| 20:36 | Create | Villager (Male) |
| 20:39 | Build | Farm |
| 20:40 | Build | Farm |
| 20:40 | Create | Villager (Male) |
| 20:44 | Build | Mill |
| 20:44 | Build | Farm |
| 20:45 | Build | Farm |
| 20:45 | Build | Farm |
| 20:45 | Build | Farm |
| 20:45 | Build | Farm |
| 20:46 | Build | Farm |
| 20:46 | Build | Farm |
| 20:53 | Create | Villager (Male) |
| 20:55 | Create | Villager (Male) |
| 21:00 | Research | Heavy Plow |
| 21:01 | Research | Heavy Plow |
| 21:11 | Create | Villager (Male) |
| 21:13 | Create | Villager (Male) |
| 21:15 | Create | Villager (Male) |
| 21:27 | Create | Villager (Male) |
| 21:31 | Build | Stable |
| 21:37 | Create | Villager (Male) |
| 21:40 | Create | Villager (Male) |
| 21:42 | Create | Villager (Male) |
| 21:49 | Create | Knight |
| 21:49 | Create | Villager (Male) |
Build order — Veci
First 150 of 440 actions detected
| 0:02 | Create | Villager (Male) |
| 0:02 | Create | Villager (Male) |
| 0:02 | Create | Villager (Male) |
| 0:02 | Create | Villager (Male) |
| 0:03 | Create | Villager (Male) |
| 0:04 | Build | House |
| 0:06 | Build | House |
| 1:25 | Create | Villager (Male) |
| 1:45 | Build | Lumber Camp |
| 2:10 | Create | Villager (Male) |
| 2:12 | Create | Villager (Male) |
| 2:13 | Create | Villager (Male) |
| 2:52 | Create | Villager (Male) |
| 3:09 | Create | Villager (Male) |
| 3:40 | Build | House |
| 3:43 | Create | Villager (Male) |
| 4:12 | Create | Villager (Male) |
| 4:12 | Create | Villager (Male) |
| 4:19 | Build | Mill |
| 4:31 | Create | Villager (Male) |
| 4:32 | Create | Villager (Male) |
| 4:32 | Create | Villager (Male) |
| 5:00 | Create | Villager (Male) |
| 5:08 | Build | House |
| 5:31 | Create | Villager (Male) |
| 5:31 | Create | Villager (Male) |
| 5:31 | Create | Villager (Male) |
| 5:44 | Build | Mill |
| 5:50 | Build | Mill |
| 6:03 | Create | Villager (Male) |
| 6:03 | Create | Villager (Male) |
| 6:16 | Create | Villager (Male) |
| 7:07 | Create | Villager (Male) |
| 7:17 | Build | House |
| 8:04 | Build | Mining Camp |
| 8:07 | Research | Feudal Age |
| 8:51 | Create | Villager (Male) |
| 8:51 | Create | Villager (Male) |
| 8:51 | Create | Villager (Male) |
| 10:35 | Age | Feudal Age |
| 10:38 | Build | Market |
| 10:40 | Build | Blacksmith |
| 11:29 | Research | Castle Age |
| 11:40 | Build | Lumber Camp |
| 12:01 | Create | Villager (Male) |
| 12:01 | Create | Villager (Male) |
| 12:13 | Research | Double-Bit Axe |
| 12:35 | Research | Horse Collar |
| 12:47 | Build | Farm |
| 12:50 | Build | Farm |
| 12:59 | Build | Farm |
| 13:03 | Build | Farm |
| 13:08 | Build | Farm |
| 13:19 | Create | Villager (Male) |
| 14:09 | Age | Castle Age |
| 14:11 | Build | Town Center |
| 14:12 | Create | Villager (Male) |
| 14:17 | Research | Bow Saw |
| 14:48 | Create | Villager (Male) |
| 14:56 | Build | Farm |
| 15:00 | Build | Farm |
| 15:12 | Build | Farm |
| 15:16 | Build | Town Center |
| 15:19 | Create | Villager (Male) |
| 15:31 | Build | Farm |
| 15:33 | Build | Farm |
| 15:39 | Create | Villager (Male) |
| 15:40 | Create | Villager (Male) |
| 15:50 | Research | Loom |
| 15:57 | Build | Farm |
| 16:00 | Build | Farm |
| 16:04 | Create | Villager (Male) |
| 16:29 | Build | Farm |
| 16:29 | Build | Farm |
| 16:29 | Build | Farm |
| 16:31 | Create | Villager (Male) |
| 16:31 | Create | Villager (Male) |
| 16:36 | Create | Villager (Male) |
| 16:42 | Build | Farm |
| 16:44 | Build | Farm |
| 16:47 | Build | Farm |
| 16:51 | Build | Farm |
| 17:03 | Create | Villager (Male) |
| 17:03 | Create | Villager (Male) |
| 17:03 | Create | Villager (Male) |
| 17:08 | Build | Farm |
| 17:13 | Build | Farm |
| 17:20 | Build | Farm |
| 17:26 | Create | Villager (Male) |
| 17:26 | Create | Villager (Male) |
| 17:30 | Create | Villager (Male) |
| 17:33 | Build | House |
| 17:35 | Build | Farm |
| 17:36 | Create | Villager (Male) |
| 17:36 | Create | Villager (Male) |
| 17:45 | Create | Villager (Male) |
| 18:01 | Build | Farm |
| 18:02 | Build | Farm |
| 18:08 | Build | Outpost |
| 18:09 | Create | Villager (Male) |
| 18:09 | Create | Villager (Male) |
| 18:09 | Create | Villager (Male) |
| 18:09 | Create | Villager (Male) |
| 18:24 | Build | Outpost |
| 18:25 | Create | Villager (Male) |
| 18:26 | Create | Villager (Male) |
| 18:30 | Build | Farm |
| 18:32 | Build | Farm |
| 18:35 | Create | Villager (Male) |
| 18:35 | Create | Villager (Male) |
| 18:45 | Create | Villager (Male) |
| 18:49 | Build | House |
| 18:50 | Build | House |
| 18:52 | Build | House |
| 18:53 | Create | Villager (Male) |
| 18:53 | Create | Villager (Male) |
| 19:07 | Create | Villager (Male) |
| 19:07 | Create | Villager (Male) |
| 19:17 | Create | Villager (Male) |
| 19:33 | Build | University |
| 19:37 | Create | Villager (Male) |
| 19:41 | Build | Barracks |
| 19:43 | Create | Villager (Male) |
| 19:45 | Research | Heavy Plow |
| 19:46 | Create | Villager (Male) |
| 20:15 | Create | Villager (Male) |
| 20:15 | Create | Villager (Male) |
| 20:29 | Research | Fortified Wall (upgrade) |
| 20:35 | Create | Villager (Male) |
| 20:35 | Create | Villager (Male) |
| 20:39 | Build | Mining Camp |
| 20:43 | Build | Archery Range |
| 20:44 | Build | Archery Range |
| 20:49 | Build | House |
| 20:50 | Build | House |
| 20:51 | Research | Fletching |
| 20:52 | Create | Villager (Male) |
| 20:52 | Create | Villager (Male) |
| 21:00 | Create | Villager (Male) |
| 21:18 | Create | Villager (Male) |
| 21:18 | Create | Villager (Male) |
| 21:24 | Create | Villager (Male) |
| 21:24 | Create | Villager (Male) |
| 21:38 | Research | Elite Skirmisher (upgrade) |
| 21:40 | Create | Villager (Male) |
| 21:47 | Build | Archery Range |
| 21:59 | Create | Villager (Male) |
| 21:59 | Create | Villager (Male) |
| 22:04 | Build | Archery Range |
| 22:11 | Research | Bodkin Arrow |
Build order — .Spina
First 150 of 239 actions detected
| 0:00 | Create | Villager (Male) |
| 0:01 | Create | Villager (Male) |
| 0:01 | Create | Villager (Male) |
| 0:02 | Build | House |
| 0:05 | Build | House |
| 0:05 | Create | Villager (Male) |
| 0:05 | Create | Villager (Male) |
| 1:40 | Create | Villager (Male) |
| 1:41 | Create | Villager (Male) |
| 1:44 | Create | Villager (Male) |
| 1:44 | Create | Villager (Male) |
| 1:48 | Build | Lumber Camp |
| 2:17 | Create | Villager (Male) |
| 2:17 | Create | Villager (Male) |
| 2:59 | Create | Villager (Male) |
| 2:59 | Create | Villager (Male) |
| 3:28 | Build | House |
| 3:29 | Build | House |
| 3:36 | Create | Villager (Male) |
| 3:37 | Create | Villager (Male) |
| 4:01 | Create | Villager (Male) |
| 4:01 | Create | Villager (Male) |
| 4:07 | Create | Villager (Male) |
| 4:07 | Create | Villager (Male) |
| 4:40 | Build | Mill |
| 4:50 | Create | Villager (Male) |
| 5:37 | Create | Villager (Male) |
| 5:37 | Create | Villager (Male) |
| 5:38 | Create | Villager (Male) |
| 5:40 | Create | Villager (Male) |
| 5:40 | Create | Villager (Male) |
| 6:07 | Create | Villager (Male) |
| 6:07 | Create | Villager (Male) |
| 6:09 | Create | Villager (Male) |
| 7:02 | Create | Villager (Male) |
| 7:27 | Create | Villager (Male) |
| 7:31 | Create | Villager (Male) |
| 7:31 | Create | Villager (Male) |
| 7:31 | Create | Villager (Male) |
| 7:33 | Create | Villager (Male) |
| 7:40 | Build | House |
| 8:51 | Create | Villager (Male) |
| 9:05 | Create | Villager (Male) |
| 9:12 | Create | Villager (Male) |
| 9:56 | Build | Mining Camp |
| 10:08 | Research | Feudal Age |
| 10:16 | Build | Farm |
| 10:16 | Build | Farm |
| 10:16 | Build | Farm |
| 10:20 | Build | Farm |
| 10:25 | Build | Farm |
| 11:06 | Build | House |
| 11:10 | Create | Villager (Male) |
| 11:10 | Create | Villager (Male) |
| 13:12 | Age | Feudal Age |
| 13:15 | Build | Market |
| 13:25 | Build | Blacksmith |
| 14:17 | Research | Castle Age |
| 14:17 | Research | Castle Age |
| 14:21 | Build | Farm |
| 14:22 | Build | Farm |
| 14:31 | Build | Farm |
| 14:39 | Create | Villager (Male) |
| 15:13 | Build | House |
| 15:17 | Build | Farm |
| 15:34 | Research | Double-Bit Axe |
| 15:36 | Research | Gold Mining |
| 15:44 | Create | Villager (Male) |
| 16:48 | Build | Farm |
| 16:48 | Build | Farm |
| 16:49 | Build | Farm |
| 16:49 | Build | Farm |
| 16:56 | Age | Castle Age |
| 17:02 | Build | Monastery |
| 17:07 | Build | Siege Workshop |
| 18:00 | Build | Farm |
| 18:13 | Research | Imperial Age |
| 18:22 | Build | Barracks |
| 18:41 | Create | Monk |
| 19:03 | Research | Padded Archer Armor |
| 19:22 | Build | Archery Range |
| 19:30 | Create | Villager (Male) |
| 19:32 | Create | Villager (Male) |
| 19:48 | Build | Farm |
| 19:48 | Build | Farm |
| 20:30 | Build | Archery Range |
| 20:40 | Research | Leather Archer Armor |
| 21:05 | Build | Farm |
| 21:23 | Age | Imperial Age |
| 21:33 | Create | Bombard Cannon |
| 21:35 | Create | Hand Cannoneer |
| 21:41 | Create | Villager (Male) |
| 21:50 | Build | Mining Camp |
| 21:52 | Create | Villager (Male) |
| 22:03 | Create | Hand Cannoneer |
| 22:35 | Create | Bombard Cannon |
| 22:37 | Create | Hand Cannoneer |
| 22:37 | Create | Hand Cannoneer |
| 23:01 | Create | Villager (Male) |
| 23:03 | Create | Villager (Male) |
| 23:18 | Create | Hand Cannoneer |
| 23:18 | Create | Hand Cannoneer |
| 23:18 | Create | Hand Cannoneer |
| 23:18 | Create | Hand Cannoneer |
| 23:41 | Create | Villager (Male) |
| 23:45 | Build | House |
| 23:47 | Build | House |
| 23:48 | Build | House |
| 23:48 | Build | House |
| 23:50 | Build | House |
| 23:56 | Create | Hand Cannoneer |
| 23:57 | Create | Hand Cannoneer |
| 23:57 | Create | Hand Cannoneer |
| 24:41 | Create | Hand Cannoneer |
| 26:11 | Create | Hand Cannoneer |
| 26:11 | Create | Hand Cannoneer |
| 26:12 | Create | Hand Cannoneer |
| 26:43 | Create | Bombard Cannon |
| 26:44 | Create | Bombard Cannon |
| 26:47 | Create | Villager (Male) |
| 26:47 | Create | Villager (Male) |
| 26:47 | Create | Villager (Male) |
| 27:01 | Create | Hand Cannoneer |
| 27:01 | Create | Hand Cannoneer |
| 27:42 | Create | Hand Cannoneer |
| 27:42 | Create | Hand Cannoneer |
| 27:43 | Create | Hand Cannoneer |
| 27:43 | Create | Hand Cannoneer |
| 27:50 | Build | House |
| 27:58 | Build | Lumber Camp |
| 27:59 | Create | Villager (Male) |
| 27:59 | Create | Villager (Male) |
| 28:00 | Create | Villager (Male) |
| 28:16 | Create | Villager (Male) |
| 28:24 | Create | Hand Cannoneer |
| 28:24 | Create | Hand Cannoneer |
| 28:24 | Create | Hand Cannoneer |
| 28:37 | Create | Hand Cannoneer |
| 28:37 | Create | Hand Cannoneer |
| 28:37 | Create | Hand Cannoneer |
| 28:37 | Create | Hand Cannoneer |
| 28:38 | Create | Hand Cannoneer |
| 28:38 | Create | Hand Cannoneer |
| 29:47 | Create | Hand Cannoneer |
| 29:48 | Create | Hand Cannoneer |
| 29:48 | Create | Hand Cannoneer |
| 29:49 | Create | Hand Cannoneer |
| 29:50 | Create | Hand Cannoneer |
| 29:50 | Create | Hand Cannoneer |
| 29:50 | Create | Hand Cannoneer |
Build order — Caronte
First 150 of 542 actions detected
| 0:00 | Create | Villager (Male) |
| 0:01 | Create | Villager (Male) |
| 0:02 | Build | House |
| 0:03 | Build | House |
| 0:16 | Create | Villager (Male) |
| 0:16 | Create | Villager (Male) |
| 1:23 | Create | Villager (Male) |
| 1:23 | Create | Villager (Male) |
| 1:39 | Create | Villager (Male) |
| 1:39 | Create | Villager (Male) |
| 1:46 | Build | Lumber Camp |
| 2:04 | Create | Villager (Male) |
| 2:04 | Create | Villager (Male) |
| 2:53 | Create | Villager (Male) |
| 2:53 | Create | Villager (Male) |
| 3:02 | Build | House |
| 3:07 | Create | Villager (Male) |
| 3:07 | Create | Villager (Male) |
| 3:35 | Create | Villager (Male) |
| 3:35 | Create | Villager (Male) |
| 3:58 | Create | Villager (Male) |
| 3:58 | Create | Villager (Male) |
| 4:18 | Build | Mill |
| 4:23 | Create | Villager (Male) |
| 4:23 | Create | Villager (Male) |
| 4:51 | Create | Villager (Male) |
| 4:55 | Create | Villager (Male) |
| 5:32 | Create | Villager (Male) |
| 5:32 | Create | Villager (Male) |
| 5:33 | Create | Villager (Male) |
| 5:53 | Build | House |
| 5:57 | Create | Villager (Male) |
| 6:29 | Build | Mining Camp |
| 7:02 | Build | Mill |
| 7:06 | Create | Villager (Male) |
| 7:15 | Create | Villager (Male) |
| 7:17 | Create | Villager (Male) |
| 8:05 | Research | Feudal Age |
| 8:06 | Research | Feudal Age |
| 9:04 | Build | House |
| 9:54 | Create | Villager (Male) |
| 9:55 | Create | Villager (Male) |
| 9:57 | Build | Farm |
| 10:31 | Age | Feudal Age |
| 10:35 | Build | Blacksmith |
| 10:42 | Build | Market |
| 10:50 | Build | Farm |
| 10:56 | Build | Farm |
| 11:17 | Create | Villager (Male) |
| 11:21 | Build | Farm |
| 11:54 | Research | Castle Age |
| 11:54 | Research | Castle Age |
| 12:20 | Build | Farm |
| 12:24 | Research | Double-Bit Axe |
| 12:25 | Research | Double-Bit Axe |
| 12:34 | Build | Farm |
| 12:59 | Research | Horse Collar |
| 13:51 | Build | House |
| 13:52 | Build | House |
| 14:34 | Age | Castle Age |
| 14:43 | Build | Town Center |
| 14:48 | Research | Wheelbarrow |
| 14:59 | Build | Town Center |
| 15:05 | Create | Villager (Male) |
| 15:17 | Research | Bow Saw |
| 15:53 | Build | Farm |
| 15:56 | Create | Villager (Male) |
| 16:00 | Create | Villager (Male) |
| 16:01 | Create | Villager (Male) |
| 16:08 | Create | Villager (Male) |
| 16:15 | Build | Farm |
| 16:20 | Create | Villager (Male) |
| 16:33 | Build | Farm |
| 16:35 | Create | Villager (Male) |
| 16:35 | Create | Villager (Male) |
| 16:50 | Build | Farm |
| 16:51 | Create | Villager (Male) |
| 16:51 | Create | Villager (Male) |
| 16:57 | Create | Villager (Male) |
| 16:58 | Create | Villager (Male) |
| 17:01 | Build | Farm |
| 17:14 | Build | Farm |
| 17:15 | Create | Villager (Male) |
| 17:15 | Create | Villager (Male) |
| 17:15 | Create | Villager (Male) |
| 17:23 | Build | House |
| 17:24 | Build | House |
| 17:26 | Build | House |
| 17:26 | Build | House |
| 17:35 | Create | Villager (Male) |
| 17:35 | Create | Villager (Male) |
| 17:36 | Create | Villager (Male) |
| 17:36 | Create | Villager (Male) |
| 17:38 | Build | Farm |
| 17:44 | Build | Farm |
| 17:46 | Create | Villager (Male) |
| 17:47 | Create | Villager (Male) |
| 17:52 | Build | Farm |
| 17:57 | Create | Villager (Male) |
| 17:57 | Create | Villager (Male) |
| 18:10 | Build | Farm |
| 18:10 | Build | Farm |
| 18:12 | Create | Villager (Male) |
| 18:12 | Create | Villager (Male) |
| 18:15 | Build | House |
| 18:16 | Build | House |
| 18:25 | Create | Villager (Male) |
| 18:30 | Build | Farm |
| 18:31 | Create | Villager (Male) |
| 18:31 | Create | Villager (Male) |
| 18:40 | Create | Villager (Male) |
| 18:41 | Create | Villager (Male) |
| 18:44 | Build | Farm |
| 18:45 | Build | Farm |
| 18:50 | Build | Farm |
| 18:51 | Create | Villager (Male) |
| 18:51 | Create | Villager (Male) |
| 18:54 | Build | Farm |
| 18:54 | Build | Farm |
| 18:54 | Build | Farm |
| 18:59 | Create | Villager (Male) |
| 18:59 | Create | Villager (Male) |
| 19:01 | Create | Villager (Male) |
| 19:01 | Create | Villager (Male) |
| 19:02 | Create | Villager (Male) |
| 19:02 | Create | Villager (Male) |
| 19:09 | Build | Farm |
| 19:09 | Build | Farm |
| 19:15 | Create | Villager (Male) |
| 19:16 | Create | Villager (Male) |
| 19:24 | Create | Villager (Male) |
| 19:29 | Build | Farm |
| 19:39 | Create | Villager (Male) |
| 19:39 | Create | Villager (Male) |
| 19:40 | Create | Villager (Male) |
| 19:40 | Create | Villager (Male) |
| 20:20 | Create | Villager (Male) |
| 20:20 | Create | Villager (Male) |
| 20:20 | Create | Villager (Male) |
| 20:20 | Create | Villager (Male) |
| 20:24 | Build | House |
| 20:24 | Build | House |
| 20:25 | Build | House |
| 20:25 | Build | House |
| 20:36 | Create | Villager (Male) |
| 20:36 | Create | Villager (Male) |
| 20:36 | Create | Villager (Male) |
| 20:41 | Build | Town Center |
| 20:45 | Create | Villager (Male) |
| 20:45 | Create | Villager (Male) |
Build order — 名字丶好怂
First 150 of 695 actions detected
| 0:00 | Create | Villager (Male) |
| 0:00 | Create | Villager (Male) |
| 0:01 | Create | Villager (Male) |
| 0:01 | Create | Villager (Male) |
| 0:02 | Create | Villager (Male) |
| 0:02 | Build | House |
| 0:04 | Build | House |
| 0:06 | Build | House |
| 1:26 | Create | Villager (Male) |
| 1:53 | Build | Lumber Camp |
| 2:03 | Create | Villager (Male) |
| 2:03 | Create | Villager (Male) |
| 2:17 | Create | Villager (Male) |
| 2:18 | Create | Villager (Male) |
| 2:50 | Create | Villager (Male) |
| 3:08 | Create | Villager (Male) |
| 3:35 | Build | House |
| 3:36 | Build | House |
| 3:41 | Create | Villager (Male) |
| 3:54 | Create | Villager (Male) |
| 3:54 | Create | Villager (Male) |
| 4:23 | Create | Villager (Male) |
| 4:24 | Create | Villager (Male) |
| 5:04 | Create | Villager (Male) |
| 5:23 | Create | Villager (Male) |
| 5:23 | Create | Villager (Male) |
| 5:24 | Create | Villager (Male) |
| 5:24 | Create | Villager (Male) |
| 5:32 | Build | Mining Camp |
| 5:59 | Build | Mill |
| 6:27 | Build | Palisade Wall |
| 6:29 | Build | Palisade Wall |
| 6:34 | Build | Palisade Gate |
| 6:42 | Build | Palisade Wall |
| 6:43 | Create | Villager (Male) |
| 6:44 | Create | Villager (Male) |
| 6:48 | Build | Palisade Gate |
| 6:51 | Build | Palisade Wall |
| 6:56 | Build | Palisade Wall |
| 6:59 | Build | Palisade Wall |
| 7:04 | Build | Palisade Gate |
| 7:12 | Build | Palisade Wall |
| 7:16 | Build | Palisade Gate |
| 7:22 | Create | Villager (Male) |
| 7:23 | Create | Villager (Male) |
| 7:41 | Build | Farm |
| 7:48 | Build | Palisade Wall |
| 7:53 | Create | Villager (Male) |
| 8:11 | Build | Farm |
| 8:16 | Build | Farm |
| 8:23 | Create | Villager (Male) |
| 8:24 | Create | Villager (Male) |
| 8:24 | Create | Villager (Male) |
| 8:52 | Research | Feudal Age |
| 8:53 | Research | Feudal Age |
| 8:57 | Build | Farm |
| 9:19 | Build | Farm |
| 10:07 | Build | Farm |
| 10:10 | Build | Farm |
| 11:12 | Age | Feudal Age |
| 11:34 | Research | Castle Age |
| 11:35 | Research | Castle Age |
| 12:04 | Research | Horse Collar |
| 12:04 | Research | Horse Collar |
| 12:09 | Research | Double-Bit Axe |
| 12:09 | Research | Double-Bit Axe |
| 12:21 | Research | Horse Collar |
| 13:03 | Create | Villager (Male) |
| 13:03 | Create | Villager (Male) |
| 13:20 | Build | House |
| 14:14 | Age | Castle Age |
| 14:15 | Build | Monastery |
| 14:21 | Create | Villager (Male) |
| 14:33 | Build | Town Center |
| 14:48 | Build | House |
| 15:02 | Create | Monk |
| 15:20 | Build | Town Center |
| 15:21 | Create | Villager (Male) |
| 15:22 | Create | Villager (Male) |
| 15:32 | Create | Villager (Male) |
| 15:42 | Build | Farm |
| 15:43 | Create | Villager (Male) |
| 15:52 | Build | Farm |
| 15:53 | Create | Villager (Male) |
| 16:03 | Create | Villager (Male) |
| 16:04 | Create | Villager (Male) |
| 16:20 | Create | Villager (Male) |
| 16:20 | Create | Villager (Male) |
| 16:21 | Create | Villager (Male) |
| 16:24 | Build | Farm |
| 16:35 | Create | Villager (Male) |
| 16:36 | Create | Villager (Male) |
| 16:48 | Create | Villager (Male) |
| 16:48 | Create | Villager (Male) |
| 16:48 | Create | Villager (Male) |
| 16:49 | Create | Villager (Male) |
| 16:54 | Build | Farm |
| 16:56 | Build | Farm |
| 16:57 | Create | Villager (Male) |
| 16:57 | Create | Villager (Male) |
| 17:02 | Create | Villager (Male) |
| 17:03 | Create | Villager (Male) |
| 17:04 | Build | Farm |
| 17:26 | Build | Farm |
| 17:26 | Build | Farm |
| 17:34 | Build | Farm |
| 17:35 | Create | Villager (Male) |
| 17:35 | Create | Villager (Male) |
| 17:41 | Research | Wheelbarrow |
| 17:41 | Create | Villager (Male) |
| 17:42 | Create | Villager (Male) |
| 17:45 | Create | Monk |
| 18:03 | Create | Villager (Male) |
| 18:03 | Create | Villager (Male) |
| 18:09 | Build | House |
| 18:13 | Build | House |
| 18:13 | Build | House |
| 18:14 | Build | House |
| 18:46 | Build | Farm |
| 18:50 | Build | Town Center |
| 18:51 | Create | Villager (Male) |
| 18:51 | Create | Villager (Male) |
| 18:52 | Create | Villager (Male) |
| 18:52 | Create | Villager (Male) |
| 19:02 | Create | Villager (Male) |
| 19:02 | Create | Villager (Male) |
| 19:07 | Build | Lumber Camp |
| 19:14 | Build | Farm |
| 19:15 | Create | Villager (Male) |
| 19:28 | Create | Villager (Male) |
| 19:28 | Create | Villager (Male) |
| 20:02 | Create | Villager (Male) |
| 20:02 | Create | Villager (Male) |
| 20:03 | Create | Villager (Male) |
| 20:06 | Build | House |
| 20:07 | Build | House |
| 20:11 | Build | Lumber Camp |
| 20:14 | Create | Villager (Male) |
| 20:15 | Create | Villager (Male) |
| 20:18 | Build | Farm |
| 20:18 | Build | Farm |
| 20:21 | Build | Farm |
| 20:23 | Build | Farm |
| 20:24 | Create | Villager (Male) |
| 20:45 | Create | Villager (Male) |
| 20:46 | Create | Villager (Male) |
| 20:48 | Create | Villager (Male) |
| 20:48 | Create | Villager (Male) |
| 20:56 | Build | Town Center |
| 20:57 | Create | Villager (Male) |
Build order — Viktor Dufka
First 150 of 461 actions detected
| 0:00 | Create | Villager (Male) |
| 0:01 | Create | Villager (Male) |
| 0:02 | Build | House |
| 0:03 | Build | House |
| 0:04 | Build | House |
| 0:12 | Create | Villager (Male) |
| 0:12 | Create | Villager (Male) |
| 1:29 | Create | Villager (Male) |
| 1:29 | Create | Villager (Male) |
| 1:44 | Build | Lumber Camp |
| 2:04 | Create | Villager (Male) |
| 2:04 | Create | Villager (Male) |
| 2:19 | Create | Villager (Male) |
| 2:54 | Create | Villager (Male) |
| 3:08 | Create | Villager (Male) |
| 3:09 | Create | Villager (Male) |
| 3:37 | Build | House |
| 3:37 | Build | House |
| 3:37 | Build | House |
| 3:40 | Create | Villager (Male) |
| 3:40 | Create | Villager (Male) |
| 3:59 | Create | Villager (Male) |
| 4:00 | Create | Villager (Male) |
| 4:25 | Create | Villager (Male) |
| 5:03 | Create | Villager (Male) |
| 5:03 | Create | Villager (Male) |
| 5:27 | Create | Villager (Male) |
| 5:27 | Create | Villager (Male) |
| 5:30 | Build | Mill |
| 5:53 | Create | Villager (Male) |
| 5:53 | Create | Villager (Male) |
| 6:20 | Create | Villager (Male) |
| 6:20 | Create | Villager (Male) |
| 6:20 | Create | Villager (Male) |
| 6:43 | Create | Villager (Male) |
| 6:43 | Create | Villager (Male) |
| 7:03 | Create | Villager (Male) |
| 7:03 | Create | Villager (Male) |
| 7:03 | Create | Villager (Male) |
| 7:03 | Create | Villager (Male) |
| 7:23 | Build | Mill |
| 8:37 | Create | Villager (Male) |
| 8:37 | Create | Villager (Male) |
| 8:37 | Create | Villager (Male) |
| 8:40 | Research | Feudal Age |
| 8:40 | Research | Feudal Age |
| 8:42 | Build | Mining Camp |
| 9:06 | Build | Farm |
| 9:09 | Build | Farm |
| 9:47 | Create | Villager (Male) |
| 9:47 | Create | Villager (Male) |
| 10:50 | Build | House |
| 11:00 | Age | Feudal Age |
| 11:02 | Build | Market |
| 11:03 | Build | Blacksmith |
| 11:52 | Research | Castle Age |
| 12:22 | Research | Horse Collar |
| 12:22 | Research | Horse Collar |
| 12:36 | Build | Farm |
| 12:37 | Build | Farm |
| 12:41 | Build | Farm |
| 12:43 | Build | Farm |
| 13:57 | Create | Villager (Male) |
| 13:57 | Create | Villager (Male) |
| 14:32 | Age | Castle Age |
| 14:34 | Build | Town Center |
| 14:36 | Build | Town Center |
| 14:38 | Research | Heavy Plow |
| 14:52 | Build | Farm |
| 15:08 | Build | Farm |
| 15:12 | Create | Villager (Male) |
| 15:12 | Create | Villager (Male) |
| 15:30 | Build | Farm |
| 15:37 | Build | Farm |
| 15:41 | Build | House |
| 15:55 | Build | Farm |
| 16:00 | Create | Villager (Male) |
| 16:09 | Create | Villager (Male) |
| 16:17 | Research | Wheelbarrow |
| 16:20 | Build | Farm |
| 16:25 | Build | Farm |
| 16:26 | Create | Villager (Male) |
| 16:26 | Create | Villager (Male) |
| 16:26 | Create | Villager (Male) |
| 16:34 | Build | Farm |
| 16:43 | Build | House |
| 16:46 | Create | Villager (Male) |
| 16:50 | Build | Farm |
| 16:58 | Build | Farm |
| 17:01 | Build | Farm |
| 17:09 | Build | Farm |
| 17:11 | Create | Villager (Male) |
| 17:11 | Create | Villager (Male) |
| 17:12 | Create | Villager (Male) |
| 17:20 | Build | House |
| 17:20 | Build | House |
| 17:22 | Create | Villager (Male) |
| 17:22 | Create | Villager (Male) |
| 17:36 | Create | Villager (Male) |
| 17:47 | Build | Lumber Camp |
| 17:59 | Create | Villager (Male) |
| 17:59 | Create | Villager (Male) |
| 18:03 | Build | House |
| 18:05 | Build | House |
| 18:08 | Build | Farm |
| 18:11 | Build | Farm |
| 18:13 | Create | Villager (Male) |
| 18:14 | Build | Farm |
| 18:35 | Create | Villager (Male) |
| 18:38 | Create | Villager (Male) |
| 18:38 | Create | Villager (Male) |
| 18:53 | Create | Villager (Male) |
| 18:54 | Create | Villager (Male) |
| 19:03 | Build | House |
| 19:10 | Build | Town Center |
| 19:13 | Create | Villager (Male) |
| 19:14 | Create | Villager (Male) |
| 19:34 | Create | Villager (Male) |
| 19:34 | Research | Hand Cart |
| 19:35 | Research | Hand Cart |
| 19:35 | Research | Hand Cart |
| 19:39 | Build | House |
| 19:42 | Create | Villager (Male) |
| 19:42 | Create | Villager (Male) |
| 19:48 | Build | Farm |
| 19:51 | Create | Villager (Male) |
| 19:52 | Create | Villager (Male) |
| 20:12 | Create | Villager (Male) |
| 20:12 | Create | Villager (Male) |
| 20:22 | Build | Farm |
| 20:24 | Create | Villager (Male) |
| 20:26 | Build | House |
| 20:27 | Build | House |
| 20:27 | Build | House |
| 20:31 | Create | Villager (Male) |
| 20:31 | Create | Villager (Male) |
| 20:31 | Create | Villager (Male) |
| 20:35 | Build | Farm |
| 20:37 | Build | Farm |
| 20:39 | Build | Farm |
| 20:50 | Create | Villager (Male) |
| 20:56 | Create | Villager (Male) |
| 20:56 | Create | Villager (Male) |
| 20:59 | Build | House |
| 21:02 | Build | Farm |
| 21:05 | Create | Villager (Male) |
| 21:06 | Create | Villager (Male) |
| 21:08 | Build | Farm |
| 21:12 | Build | Farm |
| 21:16 | Build | Farm |
Build order — 闲农
First 150 of 337 actions detected
| 0:01 | Create | Villager (Male) |
| 0:01 | Create | Villager (Male) |
| 0:02 | Create | Villager (Male) |
| 0:11 | Create | Villager (Male) |
| 0:11 | Create | Villager (Male) |
| 1:19 | Create | Villager (Male) |
| 1:19 | Create | Villager (Male) |
| 2:00 | Create | Villager (Male) |
| 2:00 | Create | Villager (Male) |
| 2:01 | Create | Villager (Male) |
| 2:20 | Build | Lumber Camp |
| 2:32 | Create | Villager (Male) |
| 2:32 | Create | Villager (Male) |
| 2:35 | Create | Villager (Male) |
| 2:35 | Create | Villager (Male) |
| 3:26 | Create | Villager (Male) |
| 3:26 | Create | Villager (Male) |
| 3:26 | Create | Villager (Male) |
| 3:49 | Create | Villager (Male) |
| 3:50 | Create | Villager (Male) |
| 4:24 | Create | Villager (Male) |
| 4:25 | Create | Villager (Male) |
| 4:37 | Create | Villager (Male) |
| 4:37 | Create | Villager (Male) |
| 5:09 | Create | Villager (Male) |
| 5:11 | Build | Mill |
| 5:19 | Create | Villager (Male) |
| 5:19 | Create | Villager (Male) |
| 6:21 | Create | Villager (Male) |
| 6:21 | Create | Villager (Male) |
| 6:21 | Create | Villager (Male) |
| 6:22 | Create | Villager (Male) |
| 7:04 | Create | Villager (Male) |
| 7:10 | Build | Lumber Camp |
| 7:19 | Create | Villager (Male) |
| 7:35 | Create | Villager (Male) |
| 7:46 | Create | Villager (Male) |
| 8:27 | Build | Mill |
| 9:25 | Build | Farm |
| 9:28 | Build | Farm |
| 9:32 | Build | Farm |
| 9:35 | Build | Farm |
| 9:36 | Create | Villager (Male) |
| 9:45 | Build | Mining Camp |
| 9:56 | Create | Villager (Male) |
| 10:21 | Create | Villager (Male) |
| 10:39 | Create | Villager (Male) |
| 10:53 | Build | Mining Camp |
| 11:03 | Build | Farm |
| 11:08 | Create | Villager (Male) |
| 11:09 | Create | Villager (Male) |
| 12:01 | Research | Feudal Age |
| 12:18 | Create | Villager (Male) |
| 12:19 | Create | Villager (Male) |
| 12:48 | Build | Farm |
| 12:50 | Build | Farm |
| 14:21 | Age | Feudal Age |
| 14:24 | Build | Market |
| 14:27 | Build | Blacksmith |
| 14:36 | Research | Double-Bit Axe |
| 15:03 | Research | Horse Collar |
| 15:18 | Research | Castle Age |
| 15:37 | Build | Farm |
| 15:40 | Build | Farm |
| 15:45 | Build | Farm |
| 15:53 | Build | Farm |
| 16:17 | Research | Gold Mining |
| 16:28 | Build | Farm |
| 16:31 | Create | Villager (Male) |
| 16:34 | Build | Farm |
| 16:38 | Build | Farm |
| 16:52 | Build | Stone Wall |
| 16:57 | Build | Stone Wall |
| 17:10 | Build | Stone Wall |
| 17:15 | Build | Stone Wall |
| 17:23 | Build | Stone Wall |
| 17:26 | Build | Gate |
| 17:41 | Build | Stone Wall |
| 17:47 | Build | Stone Wall |
| 17:58 | Age | Castle Age |
| 17:58 | Create | Villager (Male) |
| 18:10 | Build | Castle |
| 18:21 | Build | Stone Wall |
| 18:30 | Create | Villager (Male) |
| 18:38 | Create | Villager (Male) |
| 19:03 | Create | Villager (Male) |
| 19:20 | Create | Villager (Male) |
| 19:36 | Create | Tarkan |
| 19:37 | Create | Tarkan |
| 19:39 | Research | Scale Barding Armor |
| 19:52 | Build | Siege Workshop |
| 19:56 | Create | Villager (Male) |
| 20:21 | Create | Villager (Male) |
| 20:35 | Create | Villager (Male) |
| 20:39 | Create | Battering Ram |
| 20:50 | Research | Wheelbarrow |
| 20:51 | Research | Bow Saw |
| 20:53 | Create | Tarkan |
| 20:53 | Create | Tarkan |
| 21:24 | Create | Tarkan |
| 21:30 | Create | Mangonel |
| 21:45 | Create | Villager (Male) |
| 21:57 | Create | Tarkan |
| 21:58 | Create | Tarkan |
| 22:34 | Create | Villager (Male) |
| 22:41 | Build | Farm |
| 22:58 | Create | Villager (Male) |
| 23:01 | Build | Farm |
| 23:21 | Create | Villager (Male) |
| 23:37 | Create | Villager (Male) |
| 23:41 | Build | Town Center |
| 23:44 | Create | Tarkan |
| 23:44 | Create | Tarkan |
| 24:10 | Create | Villager (Male) |
| 24:18 | Create | Tarkan |
| 24:20 | Create | Tarkan |
| 24:33 | Create | Villager (Male) |
| 24:37 | Build | Mill |
| 24:38 | Build | Farm |
| 24:38 | Build | Farm |
| 24:38 | Build | Farm |
| 24:39 | Build | Farm |
| 24:39 | Build | Farm |
| 24:52 | Create | Villager (Male) |
| 24:52 | Create | Villager (Male) |
| 25:10 | Create | Villager (Male) |
| 25:11 | Create | Villager (Male) |
| 25:30 | Build | Farm |
| 25:35 | Build | Barracks |
| 25:46 | Create | Villager (Male) |
| 25:48 | Create | Villager (Male) |
| 26:15 | Create | Villager (Male) |
| 26:17 | Create | Villager (Male) |
| 26:39 | Build | Archery Range |
| 26:40 | Build | Archery Range |
| 26:41 | Build | Archery Range |
| 26:51 | Create | Villager (Male) |
| 26:52 | Create | Villager (Male) |
| 27:03 | Create | Villager (Male) |
| 27:05 | Create | Villager (Male) |
| 27:55 | Create | Villager (Male) |
| 27:56 | Create | Villager (Male) |
| 28:13 | Research | Imperial Age |
| 28:24 | Create | Villager (Male) |
| 28:25 | Create | Villager (Male) |
| 28:29 | Build | Archery Range |
| 28:30 | Build | Archery Range |
| 28:46 | Research | Fletching |
| 28:46 | Research | Fletching |
| 28:47 | Research | Fletching |
Build order — feshark
First 150 of 250 actions detected
| 0:01 | Create | Villager (Male) |
| 0:01 | Create | Villager (Male) |
| 0:02 | Build | House |
| 0:04 | Build | House |
| 0:07 | Create | Villager (Male) |
| 0:12 | Create | Villager (Male) |
| 1:31 | Create | Villager (Male) |
| 1:56 | Build | Lumber Camp |
| 2:00 | Create | Villager (Male) |
| 2:30 | Create | Villager (Male) |
| 2:52 | Create | Villager (Male) |
| 3:13 | Create | Villager (Male) |
| 3:17 | Build | House |
| 3:49 | Create | Villager (Male) |
| 3:49 | Create | Villager (Male) |
| 3:56 | Build | House |
| 4:38 | Create | Villager (Male) |
| 4:41 | Create | Villager (Male) |
| 5:12 | Build | Palisade Gate |
| 5:15 | Build | Palisade Gate |
| 5:42 | Build | Palisade Gate |
| 5:52 | Create | Villager (Male) |
| 6:00 | Create | Villager (Male) |
| 6:06 | Create | Villager (Male) |
| 6:12 | Build | Mill |
| 6:14 | Create | Villager (Male) |
| 6:36 | Create | Villager (Male) |
| 7:14 | Create | Villager (Male) |
| 7:43 | Build | Mining Camp |
| 8:20 | Create | Villager (Male) |
| 8:25 | Create | Villager (Male) |
| 8:46 | Research | Feudal Age |
| 8:55 | Build | Farm |
| 9:04 | Build | Farm |
| 9:06 | Build | Farm |
| 9:28 | Build | House |
| 11:22 | Age | Feudal Age |
| 11:24 | Build | Market |
| 11:26 | Build | Blacksmith |
| 11:42 | Create | Villager (Male) |
| 11:42 | Create | Villager (Male) |
| 11:57 | Build | Mining Camp |
| 12:12 | Research | Castle Age |
| 12:38 | Research | Double-Bit Axe |
| 12:46 | Build | House |
| 13:08 | Build | Farm |
| 13:10 | Build | Farm |
| 13:53 | Research | Loom |
| 15:12 | Age | Castle Age |
| 15:26 | Create | Villager (Male) |
| 15:26 | Create | Villager (Male) |
| 15:35 | Build | Castle |
| 15:44 | Build | House |
| 15:54 | Build | Farm |
| 15:56 | Build | Farm |
| 16:06 | Build | Mining Camp |
| 16:08 | Create | Villager (Male) |
| 16:29 | Research | Padded Archer Armor |
| 16:42 | Create | Villager (Male) |
| 16:42 | Create | Villager (Male) |
| 16:46 | Build | Barracks |
| 16:50 | Create | Villager (Male) |
| 17:31 | Research | Fletching |
| 17:35 | Create | Mangudai |
| 17:41 | Build | Siege Workshop |
| 17:53 | Build | Outpost |
| 17:57 | Create | Villager (Male) |
| 18:12 | Create | Mangudai |
| 18:12 | Create | Mangudai |
| 18:38 | Create | Mangonel |
| 19:12 | Create | Mangudai |
| 19:12 | Create | Mangudai |
| 19:43 | Create | Villager (Male) |
| 19:45 | Create | Battering Ram |
| 19:45 | Create | Battering Ram |
| 19:51 | Create | Villager (Male) |
| 19:54 | Create | Villager (Male) |
| 19:54 | Create | Villager (Male) |
| 20:46 | Create | Mangudai |
| 20:46 | Create | Mangudai |
| 20:56 | Build | Farm |
| 20:57 | Build | Farm |
| 21:01 | Create | Villager (Male) |
| 21:01 | Create | Villager (Male) |
| 21:13 | Research | Bow Saw |
| 21:16 | Research | Horse Collar |
| 21:22 | Build | Farm |
| 21:23 | Build | Farm |
| 21:31 | Build | Farm |
| 21:32 | Create | Villager (Male) |
| 21:32 | Create | Villager (Male) |
| 21:46 | Build | Outpost |
| 21:51 | Build | Outpost |
| 21:53 | Create | Villager (Male) |
| 21:53 | Create | Villager (Male) |
| 21:59 | Build | Lumber Camp |
| 22:05 | Build | House |
| 22:06 | Build | House |
| 22:43 | Create | Mangudai |
| 22:43 | Create | Mangudai |
| 22:47 | Research | Leather Archer Armor |
| 22:59 | Build | Gate |
| 23:22 | Create | Mangudai |
| 23:22 | Create | Mangudai |
| 23:37 | Create | Villager (Male) |
| 23:38 | Create | Villager (Male) |
| 23:52 | Research | Bodkin Arrow |
| 24:28 | Create | Mangudai |
| 24:28 | Create | Mangudai |
| 24:42 | Create | Villager (Male) |
| 24:44 | Build | House |
| 24:46 | Build | House |
| 24:59 | Build | Outpost |
| 25:24 | Create | Mangudai |
| 25:24 | Create | Mangudai |
| 25:36 | Build | Stable |
| 25:41 | Create | Villager (Male) |
| 25:41 | Create | Villager (Male) |
| 25:55 | Build | Farm |
| 25:56 | Build | Farm |
| 25:56 | Build | Farm |
| 25:56 | Build | Farm |
| 25:56 | Build | Farm |
| 25:57 | Build | Farm |
| 25:57 | Build | Farm |
| 26:00 | Research | Heavy Plow |
| 26:16 | Create | Villager (Male) |
| 26:27 | Build | Lumber Camp |
| 26:30 | Build | Mill |
| 26:30 | Build | Farm |
| 26:31 | Build | Farm |
| 26:31 | Build | Farm |
| 26:31 | Build | Farm |
| 26:31 | Build | Farm |
| 26:32 | Build | Farm |
| 26:33 | Create | Villager (Male) |
| 27:19 | Create | Villager (Male) |
| 27:19 | Create | Villager (Male) |
| 27:21 | Create | Villager (Male) |
| 27:23 | Research | Gold Mining |
| 27:33 | Build | Farm |
| 27:36 | Build | Farm |
| 27:37 | Build | Farm |
| 28:01 | Research | Wheelbarrow |
| 28:11 | Create | Villager (Male) |
| 28:58 | Research | Imperial Age |
| 29:17 | Build | Mining Camp |
| 29:37 | Research | Bloodlines |
| 29:44 | Create | Mangudai |
| 29:44 | Create | Mangudai |
Match timeline
| 6:27 | 名字丶好怂 · wall_segment Palisade Wall x1 |
| 6:29 | 名字丶好怂 · wall_segment Palisade Wall x1 |
| 6:42 | 名字丶好怂 · wall_segment Palisade Wall x1 |
| 6:51 | 名字丶好怂 · wall_segment Palisade Wall x1 |
| 6:56 | 名字丶好怂 · wall_segment Palisade Wall x1 |
| 6:59 | 名字丶好怂 · wall_segment Palisade Wall x1 |
| 7:12 | 名字丶好怂 · wall_segment Palisade Wall x1 |
| 7:48 | 名字丶好怂 · wall_segment Palisade Wall x1 |
| 10:31 | Caronte · age_up feudal |
| 10:35 | Veci · age_up feudal |
| 10:56 | MarcusBrody · age_up feudal |
| 11:00 | Viktor Dufka · age_up feudal |
| 11:12 | 名字丶好怂 · age_up feudal |
| 11:22 | feshark · age_up feudal |
| 11:43 | Caronte · first_market_buy 100 food |
| 11:47 | Caronte · first_market_sell 100 wood |
| 11:48 | MarcusBrody · first_market_sell 100 wood |
| 11:49 | MarcusBrody · first_market_buy 100 food |
| 13:12 | .Spina · age_up feudal |
| 14:09 | Veci · age_up castle |
| 14:14 | 名字丶好怂 · age_up castle |
| 14:15 | 名字丶好怂 · first_building Monastery |
| 14:21 | 闲农 · age_up feudal |
| 14:32 | Viktor Dufka · age_up castle |
| 14:34 | Caronte · age_up castle |
| 14:51 | .Spina · first_market_sell 100 stone |
| 15:12 | feshark · age_up castle |
| 15:23 | MarcusBrody · age_up castle |
| 15:35 | feshark · first_building Castle |
| 16:45 | MarcusBrody · first_building Monastery |
| 16:46 | feshark · first_building Barracks |
| 16:52 | 闲农 · wall_segment Stone Wall x2 |
| 16:56 | .Spina · age_up castle |
| 16:57 | 闲农 · wall_segment Stone Wall x5 |
| 17:02 | .Spina · first_building Monastery |
| 17:07 | .Spina · first_building Siege Workshop |
| 17:10 | 闲农 · wall_segment Stone Wall x5 |
| 17:15 | 闲农 · wall_segment Stone Wall x2 |
| 17:23 | 闲农 · wall_segment Stone Wall x1 |
| 17:41 | feshark · first_building Siege Workshop |
| 17:41 | 闲农 · wall_segment Stone Wall x1 |
| 17:47 | 闲农 · wall_segment Stone Wall x1 |
| 17:48 | .Spina · first_market_buy 100 food |
| 17:58 | 闲农 · age_up castle |
| 18:10 | 闲农 · first_building Castle |
| 18:21 | 闲农 · wall_segment Stone Wall x1 |
| 18:22 | .Spina · first_building Barracks |
| 18:33 | feshark · first_market_sell 100 food |
| 19:04 | MarcusBrody · first_building Barracks |
| 19:22 | .Spina · first_building Archery Range |
| 19:41 | Veci · first_building Barracks |
| 19:52 | 闲农 · first_building Siege Workshop |
| 20:32 | MarcusBrody · first_building Stable |
| 20:43 | Veci · first_building Archery Range |
| 21:23 | .Spina · age_up imperial |
| 21:36 | Veci · first_market_sell 100 wood |
| 21:47 | Caronte · first_building Barracks |
| 22:39 | Caronte · first_building Stable |
| 23:12 | Viktor Dufka · first_building Castle |
| 23:48 | feshark · first_market_buy 100 food |
| 24:20 | Veci · wall_segment Stone Wall x7 |
| 24:22 | Viktor Dufka · first_market_sell 100 wood |
| 24:26 | Veci · wall_segment Stone Wall x1 |
| 24:28 | Veci · wall_segment Stone Wall x1 |
| 24:30 | Veci · wall_segment Stone Wall x1 |
| 24:57 | Viktor Dufka · first_building Barracks |
| 25:25 | Veci · first_building Monastery |
| 25:25 | Viktor Dufka · wall_segment Stone Wall x1 |
| 25:26 | Viktor Dufka · wall_segment Stone Wall x1 |
| 25:35 | 闲农 · first_building Barracks |
| 25:36 | feshark · first_building Stable |
| 25:51 | Viktor Dufka · first_building Stable |
| 26:26 | Viktor Dufka · wall_segment Stone Wall x1 |
| 26:27 | Viktor Dufka · wall_segment Stone Wall x1 |
| 26:30 | 名字丶好怂 · first_building Stable |
| 26:39 | 闲农 · first_building Archery Range |
| 26:41 | Veci · wall_segment Stone Wall x1 |
| 26:42 | Veci · wall_segment Stone Wall x1 |
| 26:43 | 名字丶好怂 · first_building Castle |
| 27:55 | Viktor Dufka · age_up imperial |
| 28:01 | 闲农 · first_market_buy 100 food |
| 28:24 | Veci · first_market_buy 100 food |
| 29:18 | Viktor Dufka · first_building Siege Workshop |
| 29:22 | 名字丶好怂 · age_up imperial |
| 29:46 | 名字丶好怂 · first_market_sell 100 wood |
| 30:07 | Veci · first_building Siege Workshop |
| 30:32 | Veci · wall_segment Stone Wall x1 |
| 30:35 | Veci · wall_segment Stone Wall x1 |
| 30:46 | MarcusBrody · first_building Castle |
| 30:57 | 名字丶好怂 · first_market_buy 100 food |
| 31:09 | Veci · wall_segment Stone Wall x1 |
| 31:12 | Veci · wall_segment Stone Wall x1 |
| 31:27 | Veci · wall_segment Stone Wall x1 |
| 31:28 | Veci · wall_segment Stone Wall x1 |
| 31:31 | 闲农 · age_up imperial |
| 31:32 | Veci · wall_segment Stone Wall x8 |
| 31:39 | 名字丶好怂 · wall_segment Stone Wall x5 |
| 31:40 | Veci · wall_segment Stone Wall x2 |
| 32:00 | Veci · age_up imperial |
| 32:36 | feshark · age_up imperial |
| 33:02 | MarcusBrody · age_up imperial |
| 33:05 | Viktor Dufka · first_market_buy 100 wood |
| 33:34 | feshark · wall_segment Stone Wall x8 |
| 33:58 | 闲农 · first_market_sell 100 food |
| 34:43 | 闲农 · wall_segment Stone Wall x5 |
| 35:16 | Veci · first_building Castle |
| 35:22 | 名字丶好怂 · first_building Siege Workshop |
| 36:25 | Caronte · first_building Monastery |
| 36:30 | MarcusBrody · first_building Siege Workshop |
| 37:17 | Veci · first_building Stable |
| 37:48 | feshark · first_building Archery Range |
| 38:45 | 闲农 · first_building Stable |
| 39:28 | Caronte · first_building Castle |
| 39:31 | Viktor Dufka · wall_segment Palisade Wall x1 |
| 39:54 | Viktor Dufka · tribute_sent a jugador 1 |
| 39:54 | Viktor Dufka · tribute_sent a jugador 2 |
| 39:54 | Viktor Dufka · tribute_sent a jugador 3 |
| 39:54 | Viktor Dufka · tribute_sent a jugador 4 |
| 39:54 | Viktor Dufka · tribute_sent a jugador 5 |
| 39:54 | Viktor Dufka · tribute_sent a jugador 7 |
| 39:54 | Viktor Dufka · tribute_sent a jugador 8 |
| 40:08 | Caronte · age_up imperial |
| 40:31 | Caronte · first_building Siege Workshop |
| 42:04 | Viktor Dufka · resign |
[ AI ANALYSIS · 1 CREDIT ]
What really happened in this match?
Wolo.gg analyzes every decision: build order, eco, micro, common mistakes by bracket. Personalized analysis on WhatsApp or Discord in 30 seconds.
Civ guide
Slavs
Perfil
Jugador #217941